 Dungeon Crawl Stone Soup version 0.25-a0-294-gea9b1ad378 (webtiles) character file.

Game seed: 11489848528011750943, levelgen mode: deterministic

168 Error4North the Chopper (level 5, -11/46 HPs)
             Began as a Hill Orc Fighter on Dec 17, 2019.
             Mangled by an ogre
             ... wielding a +0 giant club
              (16 damage)
             ... on level 4 of the Dungeon.
             The game lasted 00:12:22 (2473 turns).

Error4North the Chopper (Hill Orc Fighter)          Turns: 2473, Time: 00:12:22

Health: -11/46     AC:  7    Str: 19    XL:     5   Next: 48%
Magic:  5/5        EV:  7    Int:  9    God:
Gold:   246        SH:  9    Dex: 10    Spells: 4/4 levels left

rFire    . . .     SeeInvis .   h - +1 hand axe (drain)
rCold    . . .     Gourm    .   c - +0 shield
rNeg     . . .     Faith    .   b - +0 scale mail
rPois    .         Spirit   .   (no helmet)
rElec    .         Reflect  .   (no cloak)
rCorr    .         Harm     .   (no gloves)
MR       .....                  (no boots)
Stlth    ..........             (no amulet)
HPRegen  0.15/turn              (no ring)
MPRegen  0.09/turn              (no ring)

@: no status effects
A: no striking features
a: no special abilities


You were on level 4 of the Dungeon.
You were not hungry.

You visited 1 branch of the dungeon, and saw 4 of its levels.

You collected 246 gold pieces.

Inventory:

Hand Weapons
 h - a +1 hand axe of draining (weapon)
 w - a +0 hunting sling
Missiles
 e - 80 stones (quivered)
 u - 35 sling bullets
Armour
 b - a +0 scale mail (worn)
 c - a +0 shield (worn)
Jewellery
 a - an uncursed ring of protection from magic {unknown}
 p - a +5 ring of slaying {unknown}
 t - a +4 ring of intelligence {unknown}
 x - an uncursed amulet of regeneration {unknown}
 z - an uncursed ring of see invisible {unknown}
Wands
 y - a wand of iceblast (22)
Scrolls
 g - a scroll of identify {unknown}
 i - a scroll of fear {unknown}
 j - 2 scrolls of teleportation {unknown}
 m - 4 scrolls of remove curse {unknown}
 s - a scroll of enchant armour {unknown}
 v - a scroll of fog {unknown}
Potions
 d - a potion of might
 k - 2 potions of curing {unknown}
 l - a potion of brilliance {unknown}
 n - 2 potions of degeneration {unknown}
 o - a potion of heal wounds {unknown}
 q - 2 potions of lignification {unknown}
 r - a potion of mutation {unknown}
Comestibles
 f - 4 rations


   Skills:
 + Level 4.2 Fighting
 + Level 5.2 Axes
 + Level 0.5 Slings
 + Level 3.9 Armour
 + Level 0.3 Dodging
 + Level 0.1 Stealth
 + Level 4.1 Shields


You had 4 spell levels left.
You didn't know any spells.
Your spell library was empty.

Dungeon Overview and Level Annotations

Branches:
Dungeon (4/15)
 Temple: D:4-7

Altars:
Makhleb


Message History

Firing (i - inventory. (/) - cycle)
e - 81 stones (quivered)
Press: ? - help, Shift-Dir - straight line, f/p - ogre
Aim: an ogre, wielding a +0 giant club (lightly wounded)
You shoot a stone. The stone completely misses the ogre.
You sense an unholy aura.
h - a +1 hand axe of draining (weapon)
You hit the ogre.
The ogre is lightly wounded.
The ogre hits you with a +0 giant club!!
You hit the ogre but do no damage. You drain the ogre.
The ogre is moderately wounded.
You block the ogre's attack.
You hit the ogre.
The ogre is heavily wounded.
The ogre hits you with a +0 giant club!!
* * * LOW HITPOINT WARNING * * *
Your shield and scale mail prevent you from hitting the ogre.
The ogre is heavily wounded.
The ogre hits you with a +0 giant club!
You die...

#######
.......#################
.......@...............>
......O##############.##
....... #.# .....(. #.#
.....(. #.# ####### #.#
#.# #.# #.#


You could see an ogre.

Vanquished Creatures
  An orc wizard (D:3)
  5 adders (D:3)
  2 worms (D:3)
  5 leopard geckos
  7 orcs
  4 giant cockroaches
  4 hobgoblins
  5 jackals
  11 kobolds
  2 quokkas
  2 ball pythons (D:3)
  7 bats
  4 frilled lizards
  10 goblins
  8 rats
77 creatures vanquished.

Notes
Turn   | Place    | Note
-------+----------+-------------------------------------------
     0 | D:1      | Error4North the Hill Orc Fighter began the quest for the
                  | Orb.
     0 | D:1      | Reached XP level 1. HP: 19/19 MP: 1/1
    85 | D:1      | Reached XP level 2. HP: 17/27 MP: 2/2
    91 | D:1      | Reached skill level 3 in Axes
   368 | D:1      | You fall into a shaft and drop 1 floor!
   383 | D:2      | Reached XP level 3. HP: 31/33 MP: 3/3
  1081 | D:2      | Reached skill level 4 in Axes
  1180 | D:3      | Reached XP level 4. HP: 38/40 MP: 4/4
  1344 | D:3      | Found a burning altar of Makhleb.
  1710 | D:3      | Reached XP level 5. HP: 30/46 MP: 5/5
  1799 | D:3      | Reached skill level 5 in Axes
  2465 | D:4      | Noticed an ogre
  2473 | D:4      | Mangled by an ogre

Levels and vault maps discovered:
D:1:      psy_arrival_whirlpool, layout_rooms
D:2:      layout_rooms, first_ration
D:3:      layout_loops_cross, lightli_temple_of_fire, saegor_snake_ambush
D:4:      layout_basic, grunt_temple_overflow_open, serial_rivers,
          chequers_serial_rivers_small_3, chequers_serial_rivers_small_3,
          chequers_serial_rivers_micro_a, chequers_serial_rivers_micro_e,
          chequers_serial_rivers_marsh, chequers_serial_rivers_small_b

Skill      XL: |  1  2  3  4  5 |
---------------+----------------+-----
Axes           | 3 4 5 |  5.2
Fighting       | 4 |  4.2
Shields        | 4 |  4.1
Slings         | |  0.5
Armour         | |  3.9
Dodging        | |  0.3
Stealth        | |  0.1

Action                   |  1- 3 |  4- 6 || total
-------------------------+-------+-------++-------
Melee: War axe           |   146 |    31 ||   177
       Hand axe          |       |    69 ||    69
 Fire: Hunting sling     |       |    21 ||    21
Throw: Stone             |     1 |     3 ||     4
  Eat: Chunk             |     1 |     3 ||     4
       Ration            |       |     1 ||     1
Armor: Scale mail        |    74 |    35 ||   109
Dodge: Dodged            |    69 |    28 ||    97
Block: Shield            |    78 |    54 ||   132

Table legend:
 A = Non-vault XP
 B = Vault XP
 C = Vault XP percentage of total XP
 D = Non-vault monster count
 E = Vault monster count
 F = Vault count percentage of total count
                 A         B        C        D         E       F
            +---------+---------+-------+---------+---------+-------
      Total |     212 |      28 |  11.7 |      74 |       3 |   3.9
            +---------+---------+-------+---------+---------+-------
        D:1 |      43 |       0 |   0.0 |      25 |       0 |   0.0
        D:2 |      22 |       0 |   0.0 |      12 |       0 |   0.0
        D:3 |     144 |      28 |  16.3 |      36 |       3 |   7.7
        D:4 |       3 |       0 |   0.0 |       1 |       0 |   0.0
            +---------+---------+-------+---------+---------+-------
